cohdb
Replays
Latest Replays
All Replays
Popular Replays
Top Player Replays
Match Explorer
How It Works
Community
CoH3 Stats
Reddit
Sign in to upload your games and track your stats! →
Sign in with Steam
Match 37625744
Unlisted
Match 37625744
Overview
Messages
Build Orders
End
Construct Infanterie Kompanie
MG 42 Machine Gun Team
Selects Italian Coastal Battlegroup
Selects Coastal Reserves
Coastal Reserve
Coastal Reserve
Construct Panzergrenadier Kompanie
MG 42 Bunker
Support Elements
MG 42 Bunker
Nebelwerfer 42 Rocket Launcher Team
Selects Support Bunkers
StuG III G Assault Gun
Selects Rapid Fortifications
Rapid Fortifications
MG 42 Bunker
Repair Bunker
Coastal Reserve
Rapid Fortifications
MG 42 Bunker
Medical Bunker
Selects Bulwark
Rapid Fortifications
MG 42 Bunker
MG 42 Bunker
Construct Panzer Kompanie
Selects Artillery Officer
Sturmpanzer IV Brummbär
Rapid Fortifications
MG 42 Bunker
Coastal Reserve
AI Takeover
Keos
Galask
Stop stole my acc B1tch!!
Max1boy
SneaKerz
gb_gbg
0
0
Comments
sign in to comment!
No comments posted yet!